 Dungeon Crawl Stone Soup version 0.31-a0-182-gc5ef74bbde (webtiles) character file.

Game seed: 14239425934846641779

1368 Jeffwins the Shooter (level 8, 0/52 HPs)
             Began as an Octopode Wanderer on June 21, 2023.
             Was an Initiate of Gozag.
             Succumbed to a water moccasin's poison
             ... on level 6 of the Dungeon.
             The game lasted 00:11:25 (5647 turns).

Jeffwins the Shooter (Octopode Wanderer)            Turns: 5647, Time: 00:11:26

Health: 0/52       AC:  1    Str: 16    XL:     8   Next: 65%
Magic:  6/11       EV: 13    Int: 14    God:    Gozag
Gold:   314        SH:  0    Dex: 11    Spells: 6/12 levels left

rFire   . . .        l - +2 sling of Ru, Wizarding {heavy, Will+ Str+2 Stlth+}
rCold   x . .        (no shield)
rNeg    . . .        (helmet restricted)
rPois   .            G - amulet of guardian spirit
rElec   .            (no ring)
rCorr   .            (no ring)
SInv    .            (no ring)
Will    +....        (no ring)
Stlth   +++++        (no ring)
HPRegen 0.28/turn    (no ring)
MPRegen 0.12/turn    (no ring)
                     (no ring)

%: guardian spirit
@: lethally poisoned (0 -> -14)
A: almost no armour, amphibious, 8 rings, camouflage 1, gelatinous body 1,
(nimble swimmer 1), tentacles, cold vulnerability 1, inability to drink after
injury 1
a: Renounce Religion, Potion Petition, Call Merchant, Bribe Branch


You were on level 6 of the Dungeon.
You worshipped Gozag.
Gozag was aware of your devotion.
You visited 1 branch of the dungeon, and saw 6 of its levels.
You also visited: Sewer.

You collected 902 gold pieces.
You spent 588 gold pieces at shops.


Innate Abilities, Weirdness & Mutations

You cannot wear most types of armour.
You are amphibious.
You can wear up to eight rings at the same time.
Your skin changes colour to match your surroundings (Stealth+).
Your rubbery body absorbs attacks. (AC +1, EV +1)
((You are camouflaged when in or above water. (Stealth+)))
You have tentacles for arms and can constrict up to eight enemies at once.
You are vulnerable to cold. (rC-)
You occasionally lose the ability to drink potions when taking damage.


   Skills:
 + Level 3.5 Fighting
 * Level 5.9 Ranged Weapons
 + Level 2.6 Dodging
 + Level 5.0 Stealth
 + Level 2.6 Spellcasting
 * Level 3.7 Conjurations
 - Level 1.0 Necromancy
 * Level 3.7 Fire Magic
 * Level 1.2 Ice Magic
 * Level 2.6 Air Magic
 + Level 2.1 Poison Magic
 + Level 1.4 Evocations


You had 6 spell levels left.
You knew the following spells:

 Your Spells              Type           Power      Damage    Failure   Level
m - Mephitic Cloud        Conj/Pois/Air  9%         N/A       21%         3
p - Poisonous Vapours     Pois/Air       16%        N/A       13%         2
X - Necrotise             Necr           16%        1d4       14%         1

Your spell library contained the following spells:

 Spells                   Type           Power      Damage    Failure   Level
 Static Discharge         Conj/Air       20%        2-3/arc   9%          2
 Sting                    Tmut/Pois      16%        1d3       14%         1
 Slow                     Hex            4%         N/A       22%         1
 Ozocubu's Armour         Ice            5%         N/A       38%         3
 Vampiric Draining        Necr           4%         2d6       41%         3
 Confusing Touch          Hex            1%         N/A       56%         3
 Airstrike                Air            4%         2d(1-17)  58%         4
 Olgreb's Toxic Radiance  Pois           7%         N/A       65%         4
 Summon Lightning Spire   Summ/Air       5%         N/A       78%         4
 Freezing Cloud           Conj/Ice/Air   4%         6-21      91%         5
 Ozocubu's Refrigeration  Ice            2%         4d8       100%        7
 Chain Lightning          Conj/Air       5%         3d6       100%        9
 Fire Storm               Conj/Fire      6%         8d2       100%        9
 Shatter                  Erth           0%         3d5*      100%        9

Inventory:

Hand Weapons
 a - a +3 sling
 i - a +4 dagger
 j - the +1 mace of Grinning Slow Death {flame, *Corrode rN++ Int+5}
   (You took it off a goblin on level 2 of the Dungeon)

   Int:       It affects your intelligence (+5).
   rN:        It greatly protects you from negative energy.
   *Corrode:  It may corrode you when you take damage.
 l - the +2 sling of Ru, Wizarding (weapon) {heavy, Will+ Str+2 Stlth+}
   (You found it on level 2 of the Dungeon)

   Str:       It affects your strength (+2).
   Will:      It increases your willpower.
   Stlth:     It makes you more stealthy.
Missiles
 k - 3 poisoned darts
 m - a throwing net {=f}
Magical Staves
 c - a staff of fire
 e - a staff of poison
 x - a staff of cold
Jewellery
 G - an amulet of guardian spirit (around mantle)
Wands
 y - a wand of polymorph (8)
 J - a wand of flame (16)
Scrolls
 b - a scroll of vulnerability {!r}
 d - a scroll of enchant weapon
 f - 3 scrolls of revelation {unknown}
 g - 3 scrolls of teleportation {@r4}
 h - 2 scrolls of brand weapon {unknown}
 n - 2 scrolls of enchant armour
 r - a scroll of fog
 s - a scroll of fear
 u - a scroll of butterflies
 w - a scroll of immolation {!r}
 H - a scroll of identify {@r1}
 I - 3 scrolls of noise {unknown}
Potions
 o - 3 potions of attraction {unknown}
 p - 3 potions of mutation {!q}
 q - 2 potions of lignification {!q}
 t - 2 potions of brilliance
 v - 2 potions of enlightenment
 z - a potion of curing {unknown}
 A - a potion of haste {@q3}
 B - a potion of resistance
 C - a potion of magic
 D - a potion of might
 E - a potion of degeneration {unknown}

Dungeon Overview and Level Annotations

Branches:
Dungeon (6/15)              Sewer (visited)
 Temple: D:4-7

Altars:
Ashenzari
Gozag
Ru
Uskayaw

Shops:
D:5 *=[[!

Annotations:
D:6 1 runed translucent door, Crazy Yiuf

#.# #.# # #.#
################.#
.).).............#
####...#########.#
# #...# #.#
####...# #.#
....>..# #@#
####...# #S# #
#...# #.# # #.###
#.# # #.# #.# #.#
#.# ...


You could see a water moccasin.


Message History

Unknown command.
You are too injured to fight recklessly!
Unknown command.
Unknown command.
You shoot a sling bullet.
The sling bullet barely misses the water moccasin.
You feel sick. The water moccasin bites you.
* * * LOW HITPOINT WARNING * * *
You are more poisoned.
The water moccasin poisons you! The water moccasin bites you!
* * * LOW HITPOINT WARNING * * *
You shoot a sling bullet.
The sling bullet barely misses the water moccasin.
You feel very sick. The water moccasin closely misses you.
The water moccasin bites you.
* * * LOW HITPOINT WARNING * * *
You are lethally poisoned!
The water moccasin poisons you!
You shoot a sling bullet.
The sling bullet barely misses the water moccasin.
* * * LOW HITPOINT WARNING * * *
You feel extremely sick. The water moccasin closely misses you.
The water moccasin misses you. The water moccasin closely misses you.
Unknown command.
It was a potion of mutation.
You feel extremely strange.
You feel vulnerable to cold.
You occasionally lose the ability to drink potions when taking damage.
You die...
Your body crumbles into a pile of gold.

Skill      XL: |  1  2  3  4  5  6  7  8 |
---------------+-------------------------+-----
Stealth        | 3 4 5 |  5.0
Dodging        | 1 2 |  2.6
Fire Magic     | 1 2 3 |  3.7
Conjurations   | 1 2 3 |  3.7
Ranged Weapons | 5 |  5.9
Spellcasting   | 2 |  2.6
Fighting       | 3 |  3.5
Air Magic      | 1 2 |  2.6
Poison Magic   | 1 2 |  2.1
Evocations     | 1 |  1.4
Ice Magic      | 1 |  1.2
Necromancy     | |  1.0

Action                     |  1- 3 |  4- 6 |  7- 9 || total
---------------------------+-------+-------+-------++-------
   Fire: Sling             |    69 |    99 |   148 ||   316
   Cast: Poisonous Vapours |       |       |     4 ||     4
  Evoke: Wand              |       |       |     3 ||     3
    Use: Scroll            |       |       |     9 ||     9
         Potion            |       |       |     1 ||     1
 Armour: Skin              |     2 |       |     5 ||     7
  Dodge: Dodged            |     4 |    19 |    72 ||    95

Levels and vault maps discovered:
D:1:      evilmike_arrival_home_sweet_home, layout_loops_ring
D:2:      layout_loops_cross, basic_altar, ebering_ecumenical_altar_rust
D:3:      layout_basic
D:4:      layout_cave_pods, jmf_multi_god_temple2, amcnicky_mini_pool_small
D:5:      layout_basic, serial_shops, shop, nicolae_shop_waterfront, shop,
          shop_statue, shop, serial_corexii_hall, corexii_hall_statues_u,
          corexii_hall_statues_x, gup_sewer_entry_bubbles,
          ebering_dispersal_statue_hall, chequers_serial_rivers_micro_a,
          chequers_serial_rivers_small_3, minmay_misc_feat_more_columns
D:6:      layout_basic, serial_shops, shop, dk_noncrumbling_4, uniq_pikel,
          uniq_crazy_yiuf_cottage

Notes
Turn   | Place    | Note
-------+----------+-------------------------------------------
     0 | D:1      | Jeffwins the Octopode Wanderer began the quest for the Orb.
     0 | D:1      | Jeffwins set off with the following items: a +3 sling, a
                  | scroll of vulnerability {!r}; and the following spell
                  | memorised: Necrotise; and the following spells available to
                  | memorise: Vampiric Draining.
     0 | D:1      | Reached XP level 1. HP: 14/14 MP: 2/2
   297 | D:1      | Reached XP level 2. HP: 19/19 MP: 3/3
   300 | D:1      | Reached skill level 3 in Stealth
   562 | D:2      | Reached XP level 3. HP: 24/24 MP: 4/4
   726 | D:2      | Reached skill level 1 in Dodging
   737 | D:2      | Found a faded altar of an unknown god.
   738 | D:2      | Identified the +1 mace of Grinning Slow Death {flame,
                  | *Corrode rN++ Int+5}
   750 | D:2      | Prayed at the altar of an unknown god.
   750 | D:2      | Became a worshipper of Gozag Ym Sagoz the Greedy
   783 | D:2      | Found a hide-covered altar of Uskayaw.
   856 | D:2      | Reached skill level 1 in Fire Magic
   943 | D:2      | Reached XP level 4. HP: 29/29 MP: 5/5
  1060 | D:2      | Identified the +2 sling of Ru, Wizarding {heavy, Will+
                  | Str+2 Stlth+}
  1299 | D:3      | Reached skill level 1 in Conjurations
  1779 | D:3      | Reached XP level 5. HP: 35/35 MP: 5/7
  2201 | D:4      | Noticed a black bear
  2207 | D:4      | Killed a black bear
  2208 | D:4      | Reached skill level 5 in Ranged Weapons
  2208 | D:4      | Reached skill level 2 in Conjurations
  2208 | D:4      | Reached skill level 2 in Fire Magic
  2208 | D:4      | Reached XP level 6. HP: 24/41 MP: 4/8
  2520 | D:4      | Found a large runed translucent door.
  2524 | D:4      | Learned a level 2 spell: Poisonous Vapours
  2528 | D:4      | Learned a level 3 spell: Mephitic Cloud
  2534 | D:4      | Found a large runed translucent door.
  2769 | D:4      | Reached skill level 4 in Stealth
  3002 | D:4      | Found a broken altar of Ashenzari.
  3012 | D:4      | Found a sacrificial altar of Ru.
  3065 | D:5      | Entered Level 5 of the Dungeon
  3144 | D:5      | Reached XP level 7. HP: 35/45 MP: 6/9
  3272 | D:5      | Found a glowing drain.
  3280 | Sewer    | Entered a sewer
  3284 | Sewer    | Reached skill level 2 in Spellcasting
  3305 | Sewer    | Reached skill level 3 in Fighting
  3305 | Sewer    | Reached skill level 1 in Air Magic
  3327 | Sewer    | Reached skill level 2 in Dodging
  3538 | D:5      | Found Fuzxieh's Assorted Antiques.
  3545 | D:5      | Reached skill level 1 in Poison Magic
  3552 | D:5      | Bought a scroll labelled MEXUOR ALONN for 20 gold pieces
  3552 | D:5      | Bought a scroll labelled WOKOBR ACUICHU for 20 gold pieces
  3552 | D:5      | Bought a scroll labelled LANEOF MAUV for 20 gold pieces
  3593 | D:5      | Found Lezirgh's Armour Shop.
  3624 | D:5      | Found Xameymix's Distillery.
  3644 | D:5      | Bought a potion of haste for 120 gold pieces
  3644 | D:5      | Bought a potion of resistance for 120 gold pieces
  3644 | D:5      | Bought a potion of magic for 96 gold pieces
  3644 | D:5      | Bought a potion of lignification for 36 gold pieces
  3644 | D:5      | Bought a potion of might for 48 gold pieces
  3644 | D:5      | Bought a potion of brilliance for 48 gold pieces
  3644 | D:5      | Bought a potion of enlightenment for 60 gold pieces
  3769 | D:5      | Reached skill level 3 in Conjurations
  3893 | D:5      | Reached skill level 3 in Fire Magic
  3979 | D:5      | Found Reka's Antique Armour Shop.
  4297 | D:5      | Reached XP level 8. HP: 52/52 MP: 11/11
  4303 | D:5      | Found Kojis's Jewellery Boutique.
  4402 | D:5      | Reached skill level 2 in Air Magic
  4502 | D:6      | Reached skill level 1 in Evocations
  4765 | D:6      | Found Hydghula's Weapon Boutique.
  5126 | D:6      | Reached skill level 2 in Poison Magic
  5298 | D:6      | Reached skill level 1 in Ice Magic
  5367 | D:6      | Found a runed translucent door.
  5368 | D:6      | Noticed Crazy Yiuf
  5496 | D:6      | Reached skill level 5 in Stealth
  5646 | D:6      | HP: 4/52 [poisoned by a water moccasin]
  5647 | D:6      | Gained mutation: You are vulnerable to cold. (rC-) [potion
                  | of mutation]
  5647 | D:6      | Gained mutation: You occasionally lose the ability to drink
                  | potions when taking damage. [potion of mutation]
  5647 | D:6      | Succumbed to a water moccasin's poison

Vanquished Creatures
  A steam dragon (D:6)
  An ice beast (D:6)
  A sky beast (D:6)
  2 black bears
  An ogre (D:5)
  A phantom (D:5)
  A bullfrog (D:6)
  A scorpion (D:5)
  2 howler monkeys (D:5)
  2 jellies
  An orc priest (D:3)
  2 hounds
  4 iguanas
  2 orc wizards (D:6)
  A hell rat (Sewer)
  10 adders
  4 river rats (Sewer)
  4 dart slugs
  9 orcs
  5 bats
  5 endoplasms
  3 giant cockroaches (D:2)
  3 goblins
  11 hobgoblins
  6 quokkas
  7 ball pythons
  5 frilled lizards
  4 kobolds
  11 rats
110 creatures vanquished.

Table legend: (Time is in decaauts)
 A = Elapsed time spent in this place.
 B = Non-inter-level travel time spent in this place.
 C = Inter-level travel time spent in this place.
 D = Time resting spent in this place.
 E = Time spent auto-exploring this place.
 F = Levels seen in this place.
 G = Mean time per level.
                   A        B        C        D        E       F      G
               +--------+--------+--------+--------+--------+-----+--------+
         Total |   5831 |   5670 |    161 |    225 |   4532 |   7 |  833.0 |
       Dungeon |   5645 |   5484 |    161 |    225 |   4402 |   6 |  940.8 |
         Sewer |    185 |    185 |      0 |      0 |    130 |   1 |  185.0 |
               +--------+--------+--------+--------+--------+-----+--------+

Top non-repeatable levels by time:
     D:5: 1302 daAuts
     D:6: 1200 daAuts
     D:4: 1057 daAuts
     D:3: 804 daAuts
     D:2: 749 daAuts
     D:1: 531 daAuts
   Sewer: 185 daAuts

Table legend:
 A = Non-vault XP
 B = Vault XP
 C = Vault XP percentage of total XP
 D = Non-vault monster count
 E = Vault monster count
 F = Vault count percentage of total count
                 A         B        C        D         E       F
            +---------+---------+-------+---------+---------+-------
      Total |    1813 |     142 |   7.3 |      92 |      18 |  16.4
            +---------+---------+-------+---------+---------+-------
        D:1 |      20 |       0 |   0.0 |      11 |       0 |   0.0
        D:2 |      68 |       0 |   0.0 |      25 |       0 |   0.0
        D:3 |     154 |       0 |   0.0 |      19 |       0 |   0.0
        D:4 |     246 |      16 |   6.1 |      15 |       2 |  11.8
        D:5 |     671 |      35 |   5.0 |      10 |       7 |  41.2
        D:6 |     654 |       0 |   0.0 |      12 |       0 |   0.0
      Sewer |       0 |      91 | 100.0 |       0 |       9 | 100.0
            +---------+---------+-------+---------+---------+-------
